 Dungeon Sprint DCSS version 0.22-a0-422-g9628fc87f1 (webtiles) character file.

18 Ebeneezer the Ducker (level 2, -1/15 HPs)
             Began as a Felid Monk on May 19, 2018.
             Slain by an adder (4 damage)
             ... in the Dungeon (Sprint IX: "|||||||||||||||||||||||||||||").
             The game lasted 00:00:19 (96 turns).

Ebeneezer the Ducker (Felid Monk)                     Turns: 96, Time: 00:00:20

Health: -1/15      AC:  1    Str:  7    XL:     2   Next: 51%
Magic:  3/3        EV: 21    Int: 11    God:
Gold:   0          SH:  0    Dex: 18    Spells: 1/1 levels left
                                        Lives:  0   Deaths: 0

rFire    . . .     SeeInvis +     - Unarmed
rCold    . . .     Gourm    .   (shield unavailable)
rNeg     . . .     Faith    .   (armour unavailable)
rPois    .         Spirit   .   (helmet unavailable)
rElec    .         Reflect  .   (cloak unavailable)
rCorr    .         Harm     .   (gloves unavailable)
MR       .....     NoTele   +   (boots unavailable)
Stlth    +++.......             (no amulet)
HPRegen  0.05/turn              (no ring)
MPRegen  0.08/turn              (no ring)

@: quick
A: very small, no armour, no weapons or thrown items, stealth, claws 1, fangs 3,
see invisible, carnivore, speed 1, shaggy fur 1, slow metabolism 1, sharp paws
a: no special abilities


You were in the Dungeon.
You were not hungry.

You visited 1 branch

Inventory:

Scrolls
 g - a scroll of blinking
Potions
 b - a potion of curing
 c - a potion of heal wounds
 d - a potion of haste
 e - 2 potions of magic
 f - a potion of berserk rage
Comestibles
 a - a ration


   Skills:
 + Level 4.1 Fighting
 + Level 5.4 Dodging
 + Level 3.3 Stealth
 + Level 4.2 Unarmed Combat


You had one spell level left.
You didn't know any spells.
Your spell library was empty.

Dungeon Overview and Level Annotations

Branches:
Dungeon (1/1)

Altars:


Innate Abilities, Weirdness & Mutations

You cannot wear armour.
You are incapable of wielding weapons or throwing items.
Your paws allow you to move quietly. (Stealth)
You have sharp claws.
You have razor-sharp teeth.
You have supernaturally acute eyesight. (SInv)
You are carnivorous and can eat meat at any time.
You cover ground quickly.
You are covered in fur. (AC +1)
You have a slow metabolism.
Your sharp claws are effective at attacking unaware monsters.


Message History

You closely miss the bat zombie.
The bat zombie is severely damaged.
The bat zombie hits you.
* * * LOW HITPOINT WARNING * * *
The bat zombie misses you.
Unknown command.
You scratch the bat zombie.
You destroy the bat zombie!
The adder completely misses you.
You miss the adder. The adder misses you.
You scratch the adder.
The adder is lightly wounded.
The adder completely misses you.
You scratch the adder. Your bite misses the adder.
The adder is heavily wounded.
The adder misses you.
You miss the adder.
The adder is heavily wounded.
The adder closely misses you. The adder bites you.
You die... ▓▓▓▓▓▓▓▓▓▓▓▓▓▓▓▓▓▓ +....S@..(.)'...<▓ ▓▓▓▓▓▓▓▓▓▓▓▓▓▓▓▓▓▓

You could see an adder.

Vanquished Creatures
  A shadow imp (D)
  A dart slug (D)
  A bat (D)
  A bat zombie (D)
  A giant cockroach (D)
  A jackal (D)
  A frilled lizard (D)
  2 kobolds (D)
9 creatures vanquished.

Notes
Turn   | Place    | Note
-------+----------+-------------------------------------------
     0 | D        | Ebeneezer the Felid Monk began the quest for the Orb.
     0 | D        | Reached XP level 1. HP: 10/10 MP: 2/2
    76 | D        | Reached XP level 2. HP: 12/15 MP: 3/3
    78 | D        | Reached skill level 5 in Dodging
    96 | D        | Slain by an adder

Vault maps used:
D:        linesprint

Skill      XL: |  1  2 |
---------------+-------+-----
Stealth        | 3 |  3.3
Fighting       | 4 |  4.1
Dodging        | 5 |  5.4
Unarmed Combat | 4 |  4.2

Action                   || total
-------------------------++-------
Melee: Unarmed           ||    31
       Bite              ||     2
       Punch             ||     1
 Stab: Sleeping          ||     1
  Eat: Chunk             ||     1
Armor: Skin              ||     1
Dodge: Dodged            ||    29

Table legend:
 A = Spawn XP
 B = Non-spawn XP
 C = Spawn XP percentage of total XP
 D = Spawn monster count
 E = Non-spawn monster count
 F = Spawn count percentage of total count
 G = Total turns spent on level
                    A         B        C        D         E        F      G
               +---------+---------+-------+---------+---------+-------+---------
         Total |       0 |      27 |   0.0 |       0 |       9 |   0.0 |    96
               +---------+---------+-------+---------+---------+-------+---------
             D |       0 |      27 |   0.0 |       0 |       9 |   0.0 |    96
               +---------+---------+-------+---------+---------+-------+---------
